[ AOE2 MATCH · #466111490 ]
UnrankedPersians vs Wei
[ REPLAY ANALYSIS · EXTRACTED FROM THE RECORDED GAME ]
Feudal
11:29
Castle
15:30
Imperial
—
| APM avg | 53.7 |
| APM peak | 94 |
| eAPM avg | 26.1 |
| Villagers / military | 124 / 7 |
Focus
⚔️ 22.3% · 🌾 77.7%
Fishing Ship ×29 · Monk ×7
Feudal
15:26
Castle
23:16
Imperial
—
| APM avg | 36.0 |
| APM peak | 88 |
| eAPM avg | 21.6 |
| Villagers / military | 44 / 1 |
Focus
⚔️ 41.9% · 🌾 58.1%
Fishing Ship ×20 · Mangonel ×1
Feudal
12:47
Castle
—
Imperial
—
| APM avg | 35.3 |
| APM peak | 70 |
| eAPM avg | 19.4 |
| Villagers / military | 53 / 2 |
Focus
⚔️ 33.1% · 🌾 66.9%
Fishing Ship ×32 · Unknown (2626) ×6 · Fire Galley ×2
Feudal
11:42
Castle
15:32
Imperial
—
| APM avg | 34.5 |
| APM peak | 95 |
| eAPM avg | 18.4 |
| Villagers / military | 60 / 11 |
Focus
⚔️ 30.3% · 🌾 69.7%
Unknown (2550) ×6 · Unknown (2626) ×6 · Unknown (2582) ×5 · Monk ×4 · Demolition Raft ×3 · Battering Ram ×2
Feudal
10:39
Castle
—
Imperial
—
| APM avg | 35.4 |
| APM peak | 66 |
| eAPM avg | 18.1 |
| Villagers / military | 47 / 4 |
Focus
⚔️ 29.8% · 🌾 70.2%
Fishing Ship ×24 · Militia ×3 · Spearman ×1
Feudal
12:43
Castle
15:58
Imperial
—
| APM avg | 51.5 |
| APM peak | 89 |
| eAPM avg | 22.8 |
| Villagers / military | 51 / 7 |
Focus
⚔️ 32.5% · 🌾 67.5%
Fishing Ship ×6 · Ballista Elephant ×5 · Mangonel ×1 · Scout Cavalry ×1
Feudal
17:08
Castle
21:16
Imperial
—
| APM avg | 28.2 |
| APM peak | 55 |
| eAPM avg | 17.5 |
| Villagers / military | 64 / 3 |
Focus
⚔️ 25.6% · 🌾 74.4%
Mangonel ×3
Feudal
12:12
Castle
15:51
Imperial
—
| APM avg | 51.5 |
| APM peak | 103 |
| eAPM avg | 22.9 |
| Villagers / military | 123 / 15 |
Focus
⚔️ 21.0% · 🌾 79.0%
Fishing Ship ×54 · Galley ×12 · Fire Galley ×3
Match map
Initial resources + every placement click. Lines = walls · curves = elevation contours. ◆ gold · ⬟ stone · ● berries · ✦ relic · ◌ wall gap
Your base· ✓ Closed at 15:30 · 3t walls · 1 gate(s)
Prince <3's base· ✓ Closed at 23:16 · 46t walls · no gate
Matze's base· Open — opponent sealed themselves in
aoclearnarabia's base· ✓ Closed at 15:32 · 24t walls · no gate
Bonkershealer's base· ✓ Closed at 12:00 · 11t walls · no gate
Denosumab's base· ✓ Closed at 15:58 · 46t walls · no gate
Kevin FoJ's base· ✓ Closed at 21:16 · 76t walls · no gate
Violet Ania's base· ✓ Closed at 15:51 · 0t walls · no gate
Smoothed initial terrain · ◌ = detected wall gap · hover for details
Inputs per minute
— comastar - - Prince <3
Build order — comastar
First 150 of 293 actions detected
| 0:01 | Queue | Villager (Male) |
| 0:01 | Queue | Villager (Male) |
| 0:02 | Build | House |
| 0:03 | Build | House |
| 0:25 | Queue | Villager (Male) |
| 0:25 | Queue | Villager (Male) |
| 0:48 | Queue | Villager (Male) |
| 0:48 | Queue | Villager (Male) |
| 0:48 | Queue | Villager (Male) |
| 1:25 | Queue | Villager (Male) |
| 1:25 | Queue | Villager (Male) |
| 1:45 | Build | Lumber Camp |
| 1:59 | Queue | Villager (Male) |
| 2:00 | Queue | Villager (Male) |
| 2:11 | Queue | Villager (Male) |
| 2:11 | Queue | Villager (Male) |
| 2:11 | Queue | Villager (Male) |
| 2:46 | Queue | Villager (Male) |
| 2:47 | Queue | Villager (Male) |
| 2:59 | Queue | Villager (Male) |
| 2:59 | Queue | Villager (Male) |
| 3:22 | Build | House |
| 3:33 | Queue | Villager (Male) |
| 3:33 | Queue | Villager (Male) |
| 3:52 | Queue | Villager (Male) |
| 3:52 | Queue | Villager (Male) |
| 4:11 | Build | Dock |
| 4:35 | Queue | Villager (Male) |
| 4:36 | Queue | Villager (Male) |
| 4:44 | Build | House |
| 4:55 | Queue | Villager (Male) |
| 5:03 | Queue | Fishing Ship |
| 5:03 | Queue | Fishing Ship |
| 5:03 | Queue | Fishing Ship |
| 5:13 | Queue | Villager (Male) |
| 5:43 | Build | House |
| 5:46 | Queue | Villager (Male) |
| 6:01 | Queue | Villager (Male) |
| 6:05 | Queue | Fishing Ship |
| 6:05 | Queue | Fishing Ship |
| 6:27 | Queue | Villager (Male) |
| 6:46 | Queue | Fishing Ship |
| 6:46 | Queue | Fishing Ship |
| 7:11 | Queue | Fishing Ship |
| 7:12 | Queue | Villager (Male) |
| 7:21 | Queue | Villager (Male) |
| 7:38 | Queue | Fishing Ship |
| 7:39 | Queue | Villager (Male) |
| 7:53 | Queue | Fishing Ship |
| 8:07 | Build | Mill |
| 8:13 | Queue | Villager (Male) |
| 8:20 | Queue | Fishing Ship |
| 8:28 | Research | Loom |
| 8:31 | Build | House |
| 9:01 | Queue | Villager (Male) |
| 9:23 | Research | Feudal Age |
| 9:23 | Research | Feudal Age |
| 9:55 | Build | Mill |
| 10:11 | Build | Mining Camp |
| 10:21 | Build | House |
| 10:32 | Queue | Villager (Male) |
| 10:36 | Queue | Villager (Male) |
| 10:41 | Build | Palisade Wall |
| 10:44 | Build | Palisade Wall |
| 10:45 | Build | Palisade Wall |
| 11:05 | Build | Palisade Gate |
| 11:23 | Queue | Villager (Male) |
| 11:24 | Queue | Fishing Ship |
| 11:24 | Queue | Fishing Ship |
| 11:29 | Age | Feudal Age |
| 11:41 | Build | Market |
| 11:43 | Build | Blacksmith |
| 12:13 | Queue | Villager (Male) |
| 13:01 | Build | House |
| 13:04 | Research | Castle Age |
| 13:05 | Research | Castle Age |
| 13:05 | Research | Castle Age |
| 13:19 | Research | Double-Bit Axe |
| 13:19 | Research | Double-Bit Axe |
| 13:24 | Build | Fish Trap |
| 13:27 | Build | Fish Trap |
| 13:47 | Build | Lumber Camp |
| 14:04 | Build | House |
| 14:18 | Queue | Villager (Male) |
| 14:31 | Queue | Villager (Male) |
| 15:10 | Build | House |
| 15:20 | Queue | Villager (Male) |
| 15:30 | Age | Castle Age |
| 15:33 | Build | Town Center |
| 15:37 | Build | Town Center |
| 15:51 | Research | Bow Saw |
| 15:51 | Research | Bow Saw |
| 15:55 | Queue | Villager (Male) |
| 16:04 | Build | Fish Trap |
| 16:28 | Research | Tech 906 |
| 16:28 | Research | Tech 906 |
| 16:33 | Queue | Villager (Male) |
| 17:12 | Build | Fish Trap |
| 17:16 | Build | Dock |
| 17:20 | Queue | Villager (Male) |
| 17:26 | Build | Monastery |
| 17:27 | Queue | Villager (Male) |
| 17:28 | Queue | Villager (Male) |
| 17:28 | Queue | Villager (Male) |
| 17:29 | Queue | Villager (Male) |
| 17:30 | Queue | Villager (Male) |
| 17:39 | Build | Fish Trap |
| 17:42 | Build | Fish Trap |
| 17:44 | Build | Fish Trap |
| 17:49 | Build | Fish Trap |
| 17:52 | Queue | Villager (Male) |
| 17:52 | Queue | Villager (Male) |
| 17:54 | Research | Horse Collar |
| 17:56 | Queue | Villager (Male) |
| 17:56 | Queue | Villager (Male) |
| 18:10 | Build | Farm |
| 18:10 | Build | Farm |
| 18:10 | Build | Farm |
| 18:11 | Build | Farm |
| 18:11 | Build | Farm |
| 18:19 | Queue | Villager (Male) |
| 18:28 | Build | House |
| 18:29 | Queue | Monk |
| 18:41 | Queue | Villager (Male) |
| 18:41 | Queue | Villager (Male) |
| 18:50 | Build | Farm |
| 18:50 | Build | Farm |
| 18:51 | Build | Farm |
| 18:51 | Build | Farm |
| 19:00 | Queue | Villager (Male) |
| 19:00 | Queue | Villager (Male) |
| 19:08 | Build | House |
| 19:08 | Build | House |
| 19:11 | Queue | Villager (Male) |
| 19:11 | Queue | Villager (Male) |
| 19:18 | Queue | Monk |
| 19:19 | Queue | Villager (Male) |
| 19:19 | Queue | Villager (Male) |
| 19:19 | Queue | Villager (Male) |
| 19:35 | Queue | Monk |
| 19:35 | Queue | Monk |
| 19:35 | Queue | Villager (Male) |
| 19:36 | Queue | Villager (Male) |
| 19:36 | Queue | Villager (Male) |
| 19:36 | Queue | Villager (Male) |
| 19:36 | Queue | Villager (Male) |
| 19:53 | Queue | Villager (Male) |
| 19:56 | Queue | Villager (Male) |
| 19:56 | Queue | Villager (Male) |
| 19:57 | Queue | Villager (Male) |
Build order — Prince <3
123 actions detected in the replay
| 0:01 | Queue | Villager (Male) ×4 |
| 0:02 | Build | House |
| 0:03 | Build | House |
| 0:27 | Research | Loom |
| 0:27 | Queue | Villager (Male) |
| 0:27 | Queue | Villager (Male) |
| 1:38 | Queue | Villager (Male) |
| 2:56 | Queue | Villager (Male) |
| 3:32 | Queue | Villager (Male) |
| 4:00 | Queue | Villager (Male) |
| 4:28 | Queue | Villager (Male) |
| 5:04 | Queue | Villager (Male) |
| 5:16 | Build | House |
| 5:28 | Build | Palisade Wall |
| 5:32 | Queue | Villager (Male) |
| 6:21 | Queue | Villager (Male) |
| 6:37 | Queue | Villager (Male) |
| 7:14 | Queue | Villager (Male) |
| 7:45 | Build | Palisade Wall |
| 8:01 | Queue | Villager (Male) |
| 8:24 | Queue | Villager (Male) |
| 8:50 | Queue | Villager (Male) |
| 8:51 | Queue | Villager (Male) |
| 9:14 | Build | Palisade Wall |
| 9:32 | Queue | Villager (Male) |
| 9:32 | Queue | Villager (Male) |
| 9:41 | Build | Palisade Wall |
| 9:45 | Queue | Villager (Male) |
| 9:56 | Build | Palisade Wall |
| 10:06 | Build | House |
| 10:47 | Queue | Villager (Male) |
| 10:53 | Build | Lumber Camp |
| 11:05 | Build | House |
| 11:07 | Queue | Villager (Male) |
| 11:37 | Build | House |
| 11:46 | Queue | Villager (Male) |
| 12:03 | Build | Mill |
| 12:18 | Build | Palisade Wall |
| 12:22 | Queue | Villager (Male) |
| 12:22 | Queue | Villager (Male) |
| 13:14 | Research | Feudal Age |
| 13:28 | Build | Dock |
| 13:47 | Build | House |
| 14:06 | Build | Palisade Wall |
| 14:07 | Build | Palisade Wall |
| 14:09 | Build | Palisade Wall |
| 14:15 | Queue | Fishing Ship |
| 14:15 | Queue | Fishing Ship |
| 14:22 | Build | House |
| 14:59 | Queue | Villager (Male) |
| 15:00 | Queue | Villager (Male) |
| 15:03 | Queue | Fishing Ship |
| 15:26 | Age | Feudal Age |
| 15:26 | Build | Dock |
| 15:37 | Research | Double-Bit Axe |
| 15:40 | Queue | Fishing Ship |
| 16:05 | Queue | Villager (Male) |
| 16:22 | Queue | Fishing Ship |
| 16:48 | Queue | Villager (Male) ×5 |
| 16:52 | Queue | Villager (Male) |
| 17:09 | Queue | Fishing Ship |
| 17:26 | Build | Lumber Camp |
| 18:01 | Build | Mining Camp |
| 18:11 | Queue | Fishing Ship |
| 18:17 | Queue | Fishing Ship |
| 19:01 | Build | Lumber Camp |
| 19:09 | Build | Palisade Wall |
| 19:10 | Build | Market |
| 19:13 | Queue | Villager (Male) |
| 19:13 | Queue | Villager (Male) |
| 19:16 | Build | House |
| 19:17 | Build | House |
| 19:17 | Build | House |
| 19:19 | Queue | Fishing Ship |
| 19:50 | Build | Blacksmith |
| 19:52 | Queue | Villager (Male) |
| 19:58 | Queue | Fishing Ship |
| 20:02 | Queue | Fishing Ship |
| 20:03 | Research | Tech 906 |
| 20:13 | Build | House |
| 20:15 | Build | House |
| 20:30 | Research | Castle Age |
| 20:45 | Queue | Fishing Ship |
| 21:31 | Build | Outpost |
| 21:41 | Build | House |
| 21:42 | Build | House |
| 22:15 | Queue | Fishing Ship |
| 22:15 | Queue | Fishing Ship |
| 22:21 | Build | Dock |
| 22:26 | Build | Dock |
| 22:28 | Build | Dock |
| 23:13 | Queue | Villager (Male) |
| 23:14 | Queue | Villager (Male) |
| 23:16 | Age | Castle Age |
| 23:19 | Build | Fish Trap |
| 23:25 | Build | Siege Workshop |
| 23:36 | Build | University |
| 23:43 | Build | Fish Trap |
| 23:46 | Build | Fish Trap |
| 23:49 | Build | Fish Trap |
| 23:53 | Build | Fish Trap |
| 23:56 | Queue | Fishing Ship |
| 23:56 | Queue | Fishing Ship |
| 24:20 | Queue | Villager (Male) |
| 24:20 | Queue | Villager (Male) |
| 24:35 | Queue | Fishing Ship |
| 24:35 | Queue | Fishing Ship |
| 24:37 | Build | House |
| 24:38 | Build | House |
| 24:39 | Queue | Fishing Ship |
| 24:40 | Queue | Fishing Ship |
| 24:42 | Build | Fish Trap |
| 24:52 | Queue | Mangonel |
| 24:56 | Build | Fish Trap |
| 24:59 | Build | Fish Trap |
| 25:07 | Build | Barracks |
| 25:44 | Build | Dock |
| 26:05 | Build | Fish Trap |
| 26:09 | Build | Fish Trap |
| 26:12 | Build | Fish Trap |
| 26:16 | Build | Fish Trap |
| 26:20 | Build | Fish Trap |
| 26:36 | Research | Imperial Age |
Build order — Matze
First 150 of 183 actions detected
| 0:01 | Queue | Villager (Male) |
| 0:01 | Queue | Villager (Male) |
| 0:02 | Build | House |
| 0:03 | Build | House |
| 0:08 | Queue | Villager (Male) |
| 0:08 | Queue | Villager (Male) |
| 1:32 | Queue | Villager (Male) |
| 1:55 | Queue | Villager (Male) |
| 2:28 | Queue | Villager (Male) |
| 2:38 | Queue | Villager (Male) |
| 2:52 | Queue | Villager (Male) |
| 3:22 | Queue | Villager (Male) |
| 3:32 | Build | Lumber Camp |
| 4:12 | Queue | Villager (Male) |
| 4:12 | Queue | Villager (Male) |
| 4:29 | Build | House |
| 4:36 | Queue | Villager (Male) |
| 5:10 | Queue | Villager (Male) |
| 5:15 | Build | House |
| 5:23 | Build | House |
| 5:27 | Build | House |
| 5:33 | Build | Dock |
| 5:39 | Build | Palisade Wall |
| 5:42 | Build | Palisade Wall |
| 5:43 | Build | Palisade Wall |
| 5:44 | Build | Palisade Wall |
| 5:49 | Queue | Villager (Male) |
| 5:50 | Queue | Villager (Male) |
| 6:22 | Queue | Villager (Male) |
| 6:24 | Build | House |
| 7:08 | Build | Palisade Wall |
| 7:09 | Build | Palisade Wall |
| 7:10 | Build | Palisade Wall |
| 7:11 | Build | Palisade Wall |
| 7:13 | Queue | Villager (Male) |
| 7:14 | Queue | Villager (Male) |
| 7:20 | Build | Mill |
| 7:33 | Build | House |
| 7:41 | Build | House |
| 7:52 | Queue | Fishing Ship |
| 8:00 | Queue | Villager (Male) |
| 8:08 | Queue | Fishing Ship |
| 8:19 | Queue | Villager (Male) |
| 8:51 | Queue | Villager (Male) |
| 8:54 | Queue | Fishing Ship |
| 9:08 | Queue | Fishing Ship |
| 9:11 | Queue | Villager (Male) |
| 9:35 | Queue | Villager (Male) |
| 10:03 | Queue | Villager (Male) |
| 10:23 | Queue | Fishing Ship |
| 10:37 | Research | Feudal Age |
| 10:42 | Build | Lumber Camp |
| 10:59 | Build | Palisade Wall |
| 11:02 | Queue | Fishing Ship |
| 11:18 | Queue | Villager (Male) |
| 11:20 | Build | House |
| 11:21 | Build | House |
| 11:33 | Queue | Villager (Male) |
| 11:47 | Build | House |
| 11:48 | Build | House |
| 11:51 | Queue | Fishing Ship |
| 11:59 | Build | Mining Camp |
| 12:16 | Queue | Villager (Male) |
| 12:20 | Build | Palisade Wall |
| 12:22 | Queue | Villager (Male) |
| 12:25 | Build | Palisade Wall |
| 12:27 | Build | Palisade Wall |
| 12:28 | Build | Palisade Wall |
| 12:31 | Build | Palisade Wall |
| 12:32 | Queue | Villager (Male) |
| 12:37 | Build | Palisade Wall |
| 12:39 | Queue | Villager (Male) |
| 12:41 | Build | Palisade Wall |
| 12:47 | Age | Feudal Age |
| 12:51 | Build | Dock |
| 13:02 | Queue | Unit 2626 |
| 13:06 | Queue | Unit 2626 |
| 13:47 | Queue | Villager (Male) |
| 13:52 | Queue | Unit 2626 |
| 13:53 | Queue | Unit 2626 |
| 14:32 | Build | House |
| 14:35 | Queue | Unit 2626 |
| 14:42 | Research | Gold Mining |
| 14:42 | Research | Stone Mining |
| 14:43 | Research | Double-Bit Axe |
| 14:44 | Research | Horse Collar |
| 14:50 | Build | Lumber Camp |
| 15:06 | Build | Dock |
| 15:32 | Queue | Villager (Male) |
| 15:44 | Build | Palisade Wall |
| 15:47 | Queue | Fishing Ship |
| 15:47 | Queue | Fishing Ship |
| 15:48 | Queue | Fishing Ship |
| 15:49 | Queue | Fishing Ship |
| 15:55 | Build | Dock |
| 16:00 | Queue | Villager (Male) |
| 16:07 | Build | Stone Wall |
| 16:09 | Queue | Villager (Male) |
| 16:23 | Build | Dock |
| 16:29 | Queue | Fishing Ship |
| 16:31 | Queue | Fishing Ship |
| 16:33 | Queue | Villager (Male) |
| 16:42 | Queue | Fire Galley |
| 16:42 | Queue | Fire Galley |
| 16:51 | Build | Palisade Wall |
| 16:53 | Build | Palisade Wall |
| 17:00 | Build | Stone Wall |
| 17:00 | Build | Stone Wall |
| 17:01 | Build | Stone Wall |
| 17:02 | Build | Stone Wall |
| 17:02 | Build | Stone Wall |
| 17:06 | Build | Outpost |
| 17:06 | Build | Outpost |
| 17:34 | Queue | Villager (Male) |
| 17:35 | Queue | Fishing Ship |
| 17:35 | Queue | Fishing Ship |
| 17:37 | Queue | Unit 2626 |
| 17:41 | Build | House |
| 17:43 | Queue | Villager (Male) |
| 18:52 | Queue | Villager (Male) |
| 18:56 | Build | House |
| 18:59 | Build | House |
| 19:00 | Build | House |
| 19:01 | Build | House |
| 19:04 | Build | House |
| 19:06 | Build | House |
| 19:07 | Build | House |
| 19:10 | Build | House |
| 19:24 | Queue | Villager (Male) |
| 19:27 | Queue | Fishing Ship |
| 19:27 | Queue | Fishing Ship |
| 19:28 | Queue | Fishing Ship |
| 19:38 | Build | Lumber Camp |
| 19:53 | Queue | Villager (Male) |
| 20:05 | Build | House |
| 20:06 | Queue | Fishing Ship |
| 20:07 | Queue | Fishing Ship |
| 20:07 | Queue | Fishing Ship |
| 20:07 | Queue | Fishing Ship |
| 20:31 | Queue | Villager (Male) |
| 20:57 | Queue | Villager (Male) |
| 21:05 | Build | Lumber Camp |
| 21:07 | Build | Lumber Camp |
| 21:11 | Build | Lumber Camp |
| 21:25 | Research | Loom |
| 21:58 | Build | Fish Trap |
| 22:00 | Build | Fish Trap |
| 22:04 | Build | Fish Trap |
| 22:07 | Build | Fish Trap |
| 22:11 | Build | Fish Trap |
Build order — aoclearnarabia
First 150 of 151 actions detected
| 0:02 | Queue | Villager (Male) |
| 0:03 | Queue | Villager (Male) |
| 0:04 | Build | Outpost |
| 0:05 | Build | House |
| 0:10 | Build | House |
| 0:20 | Queue | Villager (Male) |
| 0:40 | Queue | Villager (Male) |
| 1:36 | Queue | Villager (Male) |
| 1:36 | Queue | Villager (Male) |
| 1:52 | Queue | Villager (Male) |
| 1:52 | Queue | Villager (Male) |
| 2:29 | Build | Settlement |
| 2:46 | Queue | Villager (Male) |
| 2:46 | Queue | Villager (Male) |
| 3:06 | Queue | Villager (Male) |
| 3:06 | Queue | Villager (Male) |
| 3:06 | Queue | Villager (Male) |
| 3:31 | Queue | Villager (Male) |
| 3:53 | Queue | Villager (Male) |
| 3:54 | Queue | Villager (Male) |
| 4:21 | Queue | Villager (Male) |
| 4:21 | Queue | Villager (Male) |
| 4:21 | Queue | Villager (Male) |
| 4:38 | Build | House |
| 4:52 | Queue | Villager (Male) |
| 5:10 | Build | House |
| 5:16 | Queue | Villager (Male) |
| 5:16 | Queue | Villager (Male) |
| 5:26 | Queue | Villager (Male) |
| 5:59 | Queue | Villager (Male) |
| 6:07 | Build | Settlement |
| 6:30 | Queue | Villager (Male) |
| 6:55 | Research | Loom |
| 6:59 | Queue | Villager (Male) |
| 7:48 | Queue | Villager (Male) |
| 7:49 | Queue | Villager (Male) |
| 8:20 | Build | Settlement |
| 8:42 | Queue | Villager (Male) |
| 8:59 | Build | House |
| 9:05 | Queue | Villager (Male) |
| 9:26 | Research | Feudal Age |
| 9:54 | Build | Palisade Wall |
| 10:33 | Build | Palisade Wall |
| 11:07 | Build | Palisade Wall |
| 11:34 | Build | Dock |
| 11:38 | Build | Palisade Wall |
| 11:40 | Build | Palisade Wall |
| 11:41 | Build | Palisade Wall |
| 11:42 | Age | Feudal Age |
| 11:45 | Queue | Villager (Male) |
| 11:46 | Build | Market |
| 11:50 | Build | Blacksmith |
| 11:53 | Build | Stone Wall |
| 11:56 | Queue | Villager (Male) |
| 12:22 | Queue | Unit 2626 |
| 12:22 | Queue | Unit 2626 |
| 12:43 | Build | Stone Wall |
| 12:52 | Research | Castle Age |
| 13:22 | Queue | Unit 2626 |
| 14:04 | Build | Barracks |
| 14:07 | Research | Scale Mail Armor |
| 14:07 | Research | Forging |
| 14:10 | Build | House |
| 14:34 | Queue | Demolition Raft |
| 15:00 | Research | Forging |
| 15:04 | Research | Tech 1402 |
| 15:05 | Queue | Unit 2550 |
| 15:23 | Build | Farm |
| 15:29 | Queue | Demolition Raft |
| 15:32 | Age | Castle Age |
| 15:41 | Build | Farm |
| 15:52 | Queue | Villager (Male) |
| 16:00 | Queue | Unit 2550 |
| 16:24 | Queue | Unit 2626 |
| 16:32 | Queue | Villager (Male) |
| 16:33 | Build | Farm |
| 17:22 | Queue | Unit 2550 |
| 17:29 | Queue | Villager (Male) |
| 17:36 | Build | Monastery |
| 17:41 | Build | Farm |
| 18:00 | Queue | Villager (Male) |
| 18:23 | Queue | Unit 2626 |
| 18:23 | Queue | Unit 2626 |
| 18:30 | Queue | Monk |
| 18:32 | Queue | Villager (Male) |
| 18:41 | Build | Siege Workshop |
| 18:41 | Queue | Villager (Male) |
| 18:53 | Build | Farm |
| 18:54 | Build | Farm |
| 19:04 | Queue | Villager (Male) |
| 19:12 | Queue | Demolition Raft |
| 19:27 | Queue | Monk |
| 19:35 | Queue | Mangonel |
| 19:43 | Build | Farm |
| 19:44 | Queue | Unit 2582 |
| 19:44 | Queue | Unit 2582 |
| 19:52 | Build | House |
| 19:56 | Queue | Villager (Male) |
| 20:26 | Queue | Battering Ram |
| 20:31 | Queue | Villager (Male) |
| 20:34 | Build | Outpost |
| 20:41 | Build | Farm |
| 20:50 | Queue | Villager (Male) |
| 21:20 | Queue | Villager (Male) |
| 21:33 | Build | House |
| 21:42 | Queue | Monk |
| 21:45 | Queue | Villager (Male) |
| 21:53 | Build | Outpost |
| 21:55 | Queue | Villager (Male) |
| 22:01 | Queue | Battering Ram |
| 22:18 | Queue | Villager (Male) |
| 22:27 | Build | House |
| 22:32 | Build | Town Center |
| 22:34 | Queue | Villager (Male) |
| 22:41 | Queue | Villager (Male) |
| 23:03 | Queue | Villager (Male) |
| 23:10 | Build | Farm |
| 23:12 | Build | Farm |
| 23:16 | Build | House |
| 23:17 | Queue | Villager (Male) |
| 23:40 | Queue | Villager (Male) |
| 23:48 | Build | Farm |
| 23:49 | Build | Farm |
| 23:52 | Build | Farm |
| 24:01 | Queue | Unit 2582 |
| 24:02 | Queue | Unit 2582 |
| 24:02 | Queue | Unit 2582 |
| 24:06 | Queue | Unit 2550 |
| 24:19 | Build | Settlement |
| 24:21 | Queue | Villager (Male) |
| 24:37 | Queue | Villager (Male) |
| 24:52 | Queue | Villager (Male) |
| 25:03 | Queue | Villager (Male) |
| 25:04 | Build | Farm |
| 25:08 | Build | Farm |
| 25:09 | Build | Farm |
| 25:10 | Queue | Monk |
| 25:18 | Queue | Unit 2550 |
| 25:18 | Queue | Unit 2550 |
| 25:24 | Queue | Scorpion |
| 25:51 | Build | House |
| 25:53 | Queue | Villager (Male) |
| 26:05 | Build | Stone Wall |
| 26:13 | Queue | Villager (Male) |
| 26:27 | Build | House |
| 26:28 | Queue | Villager (Male) |
| 26:30 | Queue | Villager (Male) |
| 26:33 | Queue | Villager (Male) |
| 26:36 | Build | Farm |
| 26:37 | Build | Farm |
Build order — Bonkershealer
First 150 of 153 actions detected
| 0:02 | Queue | Villager (Male) |
| 0:03 | Build | House |
| 0:04 | Queue | Villager (Male) |
| 0:04 | Queue | Villager (Male) |
| 0:05 | Build | House |
| 0:05 | Queue | Villager (Male) |
| 0:30 | Research | Loom |
| 0:41 | Queue | Villager (Male) |
| 0:44 | Queue | Villager (Male) |
| 1:08 | Build | Lumber Camp |
| 1:46 | Queue | Villager (Male) |
| 2:34 | Build | Palisade Wall |
| 2:36 | Queue | Villager (Male) |
| 2:53 | Queue | Villager (Male) |
| 3:24 | Queue | Villager (Male) |
| 3:39 | Build | Palisade Wall |
| 3:52 | Queue | Villager (Male) |
| 4:20 | Queue | Villager (Male) |
| 4:46 | Queue | Villager (Male) |
| 4:47 | Queue | Villager (Male) |
| 5:00 | Queue | Villager (Male) |
| 5:15 | Build | House |
| 5:34 | Queue | Villager (Male) |
| 5:52 | Queue | Villager (Male) |
| 5:53 | Queue | Villager (Male) |
| 6:31 | Build | Barracks |
| 7:18 | Build | House |
| 7:38 | Queue | Villager (Male) |
| 7:53 | Queue | Villager (Male) |
| 8:11 | Build | House |
| 8:20 | Research | Feudal Age |
| 8:32 | Queue | Militia |
| 8:32 | Queue | Militia |
| 8:44 | Build | Mining Camp |
| 9:22 | Build | Lumber Camp |
| 9:30 | Build | House |
| 9:37 | Queue | Militia |
| 10:03 | Build | House |
| 10:39 | Age | Feudal Age |
| 10:42 | Build | Watch Tower |
| 10:44 | Research | Man-at-Arms (upgrade) |
| 11:04 | Queue | Villager (Male) |
| 11:11 | Queue | Villager (Male) |
| 11:16 | Queue | Villager (Male) |
| 11:17 | Queue | Villager (Male) |
| 11:41 | Queue | Villager (Male) |
| 11:50 | Build | Mining Camp |
| 11:56 | Queue | Villager (Male) |
| 12:04 | Build | Dock |
| 12:25 | Queue | Villager (Male) |
| 12:47 | Research | Arson |
| 12:48 | Queue | Villager (Male) |
| 12:58 | Queue | Fishing Ship |
| 13:01 | Queue | Villager (Male) |
| 13:21 | Build | Watch Tower |
| 13:25 | Queue | Fishing Ship |
| 14:02 | Queue | Villager (Male) |
| 14:08 | Build | House |
| 14:14 | Build | Dock |
| 14:17 | Queue | Fishing Ship |
| 14:38 | Queue | Villager (Male) |
| 14:40 | Queue | Fishing Ship |
| 15:03 | Queue | Fishing Ship |
| 15:04 | Queue | Fishing Ship |
| 15:58 | Queue | Villager (Male) |
| 16:07 | Queue | Fishing Ship |
| 16:09 | Queue | Fishing Ship |
| 16:09 | Queue | Fishing Ship |
| 16:16 | Build | Lumber Camp |
| 16:30 | Build | Archery Range |
| 16:44 | Queue | Fishing Ship |
| 17:02 | Build | Stone Wall |
| 17:03 | Build | Stone Wall |
| 17:11 | Build | Stone Wall |
| 17:19 | Build | Stone Wall |
| 17:20 | Build | Stone Wall |
| 17:33 | Queue | Fishing Ship |
| 17:35 | Queue | Fishing Ship |
| 17:49 | Queue | Villager (Male) |
| 17:58 | Build | Outpost |
| 18:05 | Build | Stone Wall |
| 18:07 | Build | Stone Wall |
| 18:27 | Build | Stone Wall |
| 18:29 | Build | Stone Wall |
| 18:31 | Build | Stone Wall |
| 18:33 | Build | Stone Wall |
| 18:35 | Build | Stone Wall |
| 18:37 | Build | Stone Wall |
| 18:42 | Queue | Villager (Male) |
| 18:45 | Queue | Villager (Male) |
| 18:48 | Build | Outpost |
| 18:54 | Build | Stone Wall |
| 18:58 | Build | Stone Wall |
| 19:12 | Build | Stone Wall |
| 19:16 | Build | Stone Wall |
| 19:22 | Build | Gate |
| 19:31 | Build | Gate |
| 19:50 | Queue | Spearman |
| 20:02 | Queue | Villager (Male) |
| 20:54 | Queue | Villager (Male) |
| 20:57 | Queue | Villager (Male) |
| 21:09 | Build | Stone Wall |
| 21:11 | Queue | Villager (Male) |
| 21:21 | Queue | Fishing Ship |
| 21:21 | Queue | Fishing Ship |
| 21:21 | Queue | Fishing Ship |
| 21:36 | Build | Stone Wall |
| 21:38 | Build | Stone Wall |
| 21:43 | Build | Stone Wall |
| 21:45 | Build | Stone Wall |
| 22:04 | Queue | Villager (Male) |
| 22:11 | Queue | Fishing Ship |
| 22:14 | Build | Fish Trap |
| 22:16 | Build | Fish Trap |
| 22:19 | Build | Fish Trap |
| 22:21 | Build | Fish Trap |
| 22:28 | Build | Fish Trap |
| 22:32 | Build | Fish Trap |
| 22:35 | Build | Fish Trap |
| 22:38 | Build | Fish Trap |
| 22:39 | Queue | Villager (Male) |
| 22:47 | Build | Stone Wall |
| 22:51 | Build | Stone Wall |
| 22:58 | Build | Stone Wall |
| 23:02 | Build | Gate |
| 23:54 | Build | Stone Wall |
| 23:58 | Queue | Villager (Male) |
| 24:01 | Build | Stone Wall |
| 24:02 | Build | Stone Wall |
| 24:05 | Build | Stone Wall |
| 24:06 | Queue | Villager (Male) |
| 24:13 | Queue | Villager (Male) |
| 24:19 | Queue | Fishing Ship |
| 24:20 | Queue | Fishing Ship |
| 24:22 | Research | Tech 906 |
| 24:27 | Research | Double-Bit Axe |
| 24:30 | Build | House |
| 24:31 | Build | House |
| 24:31 | Build | House |
| 24:35 | Build | Lumber Camp |
| 24:45 | Queue | Fishing Ship |
| 24:45 | Queue | Fishing Ship |
| 25:11 | Queue | Villager (Male) |
| 25:17 | Build | Mill |
| 25:23 | Queue | Fishing Ship |
| 25:23 | Queue | Fishing Ship |
| 25:24 | Queue | Fishing Ship |
| 25:24 | Queue | Fishing Ship |
| 25:32 | Build | Dock |
| 25:48 | Queue | Villager (Male) |
Build order — Denosumab
145 actions detected in the replay
| 0:00 | Queue | Villager (Male) |
| 0:01 | Queue | Villager (Male) |
| 0:02 | Build | House |
| 0:03 | Build | House |
| 0:16 | Research | Loom |
| 0:34 | Build | Palisade Wall |
| 0:36 | Queue | Villager (Male) |
| 1:05 | Queue | Villager (Male) |
| 1:07 | Queue | Villager (Male) |
| 1:34 | Build | Lumber Camp |
| 2:01 | Queue | Villager (Male) |
| 2:32 | Queue | Villager (Male) |
| 3:01 | Queue | Villager (Male) |
| 3:29 | Queue | Villager (Male) |
| 3:54 | Queue | Villager (Male) |
| 4:23 | Queue | Villager (Male) |
| 4:45 | Build | House |
| 4:51 | Queue | Villager (Male) |
| 5:15 | Build | Dock |
| 5:22 | Queue | Villager (Male) |
| 5:23 | Queue | Villager (Male) |
| 6:06 | Queue | Fishing Ship |
| 6:08 | Build | House |
| 6:11 | Queue | Villager (Male) |
| 6:12 | Queue | Villager (Male) |
| 6:49 | Queue | Villager (Male) |
| 7:04 | Queue | Villager (Male) |
| 7:07 | Queue | Fishing Ship |
| 7:30 | Queue | Villager (Male) |
| 7:31 | Queue | Villager (Male) |
| 7:38 | Queue | Fishing Ship |
| 8:02 | Queue | Villager (Male) |
| 8:13 | Build | Palisade Wall |
| 8:16 | Build | Palisade Wall |
| 8:22 | Build | House |
| 8:32 | Queue | Villager (Male) |
| 8:53 | Build | Mill |
| 9:07 | Research | Feudal Age |
| 9:12 | Queue | Villager (Male) |
| 9:12 | Queue | Villager (Male) |
| 9:31 | Build | Mining Camp |
| 10:04 | Queue | Fishing Ship |
| 10:05 | Queue | Villager (Male) |
| 10:30 | Queue | Villager (Male) |
| 10:33 | Research | Feudal Age |
| 10:33 | Research | Feudal Age |
| 10:42 | Build | Mining Camp |
| 10:51 | Build | House |
| 11:01 | Build | Palisade Wall |
| 11:03 | Build | Palisade Wall |
| 11:05 | Build | Palisade Wall |
| 11:13 | Build | Palisade Wall |
| 11:16 | Build | Palisade Wall |
| 11:17 | Build | Palisade Wall |
| 11:20 | Build | Palisade Wall |
| 11:22 | Build | Palisade Wall |
| 11:26 | Build | Palisade Wall |
| 11:37 | Queue | Villager (Male) |
| 11:44 | Build | Palisade Wall |
| 11:46 | Build | Palisade Wall |
| 11:49 | Build | Palisade Wall |
| 12:00 | Build | Palisade Wall |
| 12:01 | Build | Palisade Wall |
| 12:04 | Build | Palisade Wall |
| 12:05 | Build | Palisade Wall |
| 12:07 | Build | Palisade Wall |
| 12:10 | Build | Palisade Wall |
| 12:11 | Build | Palisade Wall |
| 12:14 | Queue | Villager (Male) |
| 12:17 | Build | Palisade Wall |
| 12:23 | Build | Palisade Wall |
| 12:28 | Build | Palisade Wall |
| 12:29 | Build | Palisade Wall |
| 12:29 | Build | Palisade Wall |
| 12:43 | Age | Feudal Age |
| 13:01 | Build | Stone Wall |
| 13:03 | Build | Stone Wall |
| 13:06 | Build | Stone Wall |
| 13:06 | Build | Stone Wall |
| 13:07 | Build | Stone Wall |
| 13:11 | Build | Stone Wall |
| 13:18 | Research | Castle Age |
| 13:30 | Build | Stone Wall |
| 13:32 | Build | Stone Wall |
| 13:34 | Build | Stone Wall |
| 13:45 | Build | Lumber Camp |
| 14:35 | Build | House |
| 15:04 | Build | Stone Wall |
| 15:05 | Queue | Villager (Male) |
| 15:11 | Build | Stone Wall |
| 15:16 | Build | Stone Wall |
| 15:39 | Queue | Villager (Male) |
| 15:50 | Queue | Villager (Male) |
| 15:58 | Age | Castle Age |
| 16:00 | Queue | Villager (Male) |
| 16:44 | Build | Castle |
| 16:56 | Queue | Fishing Ship |
| 17:01 | Build | Fish Trap |
| 17:20 | Queue | Villager (Male) |
| 17:35 | Build | Blacksmith |
| 17:38 | Queue | Ballista Elephant |
| 17:43 | Queue | Ballista Elephant |
| 18:01 | Build | Siege Workshop |
| 18:06 | Queue | Villager (Male) |
| 18:10 | Build | Fish Trap |
| 18:18 | Queue | Villager (Male) |
| 18:28 | Queue | Ballista Elephant |
| 19:04 | Queue | Mangonel |
| 19:32 | Queue | Ballista Elephant |
| 20:42 | Queue | Villager (Male) |
| 20:42 | Queue | Ballista Elephant |
| 20:47 | Queue | Villager (Male) |
| 20:50 | Build | Stable |
| 20:52 | Build | Farm |
| 20:52 | Build | Farm |
| 20:52 | Build | Farm |
| 20:53 | Queue | Villager (Male) |
| 21:02 | Queue | Villager (Male) |
| 21:43 | Queue | Villager (Male) |
| 21:46 | Build | Monastery |
| 22:03 | Queue | Villager (Male) |
| 22:19 | Queue | Scout Cavalry |
| 22:28 | Queue | Villager (Male) |
| 22:40 | Build | Farm |
| 22:44 | Research | Devotion |
| 23:04 | Queue | Villager (Male) |
| 23:44 | Queue | Villager (Male) |
| 23:48 | Build | Town Center |
| 23:50 | Queue | Villager (Male) |
| 24:06 | Queue | Fishing Ship |
| 24:08 | Build | Fish Trap |
| 24:27 | Queue | Villager (Male) |
| 25:00 | Queue | Villager (Male) |
| 25:02 | Build | Farm |
| 25:11 | Build | Fish Trap |
| 25:12 | Queue | Villager (Male) |
| 25:16 | Build | Market |
| 25:19 | Build | Farm |
| 25:19 | Build | Farm |
| 25:20 | Build | Farm |
| 25:20 | Build | Farm |
| 25:27 | Queue | Villager (Male) |
| 26:14 | Queue | Villager (Male) |
| 26:15 | Queue | Villager (Male) |
| 26:17 | Research | Horse Collar |
Build order — Kevin FoJ
139 actions detected in the replay
| 0:00 | Queue | Villager (Male) |
| 0:01 | Queue | Villager (Male) |
| 0:01 | Queue | Villager (Male) |
| 0:02 | Build | House |
| 0:03 | Build | House |
| 0:05 | Queue | Villager (Male) |
| 0:05 | Queue | Villager (Male) |
| 0:05 | Queue | Villager (Male) |
| 0:14 | Research | Loom |
| 0:14 | Queue | Villager (Male) |
| 0:15 | Queue | Villager (Male) |
| 0:15 | Queue | Villager (Male) |
| 0:15 | Queue | Villager (Male) |
| 0:15 | Queue | Villager (Male) |
| 0:16 | Queue | Villager (Male) |
| 1:08 | Build | Palisade Wall |
| 1:14 | Build | Palisade Wall |
| 1:50 | Build | Palisade Wall |
| 1:51 | Build | Palisade Wall |
| 2:27 | Queue | Villager (Male) |
| 3:09 | Queue | Villager (Male) |
| 3:09 | Queue | Villager (Male) |
| 3:57 | Queue | Villager (Male) |
| 3:57 | Queue | Villager (Male) |
| 4:24 | Queue | Villager (Male) |
| 4:24 | Queue | Villager (Male) |
| 5:20 | Queue | Villager (Male) |
| 5:20 | Queue | Villager (Male) |
| 5:57 | Build | Palisade Wall |
| 6:26 | Queue | Villager (Male) |
| 7:09 | Queue | Villager (Male) |
| 7:09 | Queue | Villager (Male) |
| 7:09 | Queue | Villager (Male) |
| 7:10 | Queue | Villager (Male) |
| 7:20 | Queue | Villager (Male) |
| 7:20 | Queue | Villager (Male) |
| 7:38 | Build | House |
| 9:38 | Queue | Villager (Male) |
| 9:38 | Queue | Villager (Male) |
| 9:43 | Build | Mill |
| 10:18 | Queue | Villager (Male) |
| 10:32 | Build | House |
| 10:37 | Queue | Villager (Male) |
| 10:37 | Queue | Villager (Male) |
| 10:40 | Queue | Villager (Male) |
| 10:53 | Queue | Villager (Male) |
| 11:03 | Queue | Villager (Male) |
| 11:10 | Build | House |
| 11:24 | Build | Palisade Wall |
| 11:33 | Build | Palisade Wall |
| 11:45 | Queue | Villager (Male) |
| 11:47 | Build | Palisade Wall |
| 12:21 | Queue | Villager (Male) |
| 13:04 | Queue | Villager (Male) |
| 13:19 | Build | Palisade Wall |
| 13:25 | Build | Palisade Wall |
| 13:28 | Queue | Villager (Male) |
| 13:43 | Build | Lumber Camp |
| 13:53 | Build | House |
| 14:08 | Build | Palisade Wall |
| 14:44 | Build | Palisade Wall |
| 14:50 | Research | Feudal Age |
| 14:54 | Build | Palisade Wall |
| 15:27 | Build | Mining Camp |
| 15:40 | Build | Palisade Wall |
| 15:52 | Build | Palisade Wall |
| 15:56 | Build | Palisade Wall |
| 16:01 | Build | Palisade Wall |
| 16:04 | Build | Palisade Wall |
| 16:08 | Queue | Villager (Male) |
| 16:43 | Build | House |
| 17:08 | Age | Feudal Age |
| 17:14 | Build | House |
| 17:19 | Build | Market |
| 17:40 | Build | Stone Wall |
| 17:45 | Build | Stone Wall |
| 17:49 | Build | Mining Camp |
| 18:04 | Queue | Villager (Male) |
| 18:18 | Build | Blacksmith |
| 18:25 | Build | House |
| 18:36 | Research | Castle Age |
| 18:48 | Research | Double-Bit Axe |
| 19:56 | Research | Horse Collar |
| 20:15 | Build | Stone Wall |
| 20:41 | Build | Outpost |
| 20:51 | Build | House |
| 20:59 | Build | Farm |
| 21:01 | Build | Farm |
| 21:02 | Build | Farm |
| 21:03 | Build | Farm |
| 21:05 | Build | Farm |
| 21:06 | Build | Farm |
| 21:16 | Age | Castle Age |
| 21:19 | Build | Stone Wall |
| 21:20 | Build | Stone Wall |
| 21:30 | Queue | Villager (Male) |
| 21:31 | Queue | Villager (Male) |
| 21:37 | Build | Town Center |
| 21:45 | Build | Town Center |
| 21:48 | Queue | Villager (Male) |
| 21:57 | Build | Siege Workshop |
| 22:01 | Queue | Villager (Male) |
| 22:20 | Build | Town Center |
| 22:26 | Queue | Villager (Male) |
| 22:27 | Queue | Villager (Male) |
| 23:00 | Build | Outpost |
| 23:07 | Queue | Villager (Male) |
| 23:12 | Research | Bow Saw |
| 23:15 | Queue | Villager (Male) |
| 23:26 | Queue | Villager (Male) |
| 23:27 | Queue | Villager (Male) |
| 23:34 | Build | Stone Wall |
| 23:38 | Queue | Villager (Male) |
| 23:48 | Queue | Mangonel |
| 23:49 | Queue | Villager (Male) |
| 23:50 | Queue | Villager (Male) |
| 23:57 | Queue | Villager (Male) |
| 23:57 | Queue | Villager (Male) |
| 24:08 | Build | Monastery |
| 24:20 | Queue | Villager (Male) |
| 24:47 | Queue | Villager (Male) |
| 24:50 | Queue | Mangonel |
| 25:07 | Queue | Villager (Male) |
| 25:13 | Build | Gate |
| 25:16 | Build | Stone Wall |
| 25:26 | Build | Farm |
| 25:26 | Build | Farm |
| 25:26 | Build | Farm |
| 25:26 | Build | Farm |
| 25:27 | Build | Farm |
| 25:27 | Build | Farm |
| 25:27 | Build | Farm |
| 25:35 | Queue | Villager (Male) |
| 25:40 | Build | Farm |
| 25:40 | Build | Farm |
| 26:02 | Queue | Mangonel |
| 26:03 | Queue | Villager (Male) |
| 26:21 | Queue | Villager (Male) |
| 26:21 | Queue | Villager (Male) |
Build order — Violet Ania
First 150 of 294 actions detected
| 0:01 | Queue | Villager (Male) |
| 0:02 | Queue | Villager (Male) |
| 0:03 | Build | House |
| 0:04 | Build | House |
| 0:05 | Queue | Villager (Male) |
| 0:05 | Queue | Villager (Male) |
| 1:32 | Queue | Villager (Male) |
| 1:32 | Queue | Villager (Male) |
| 1:32 | Queue | Villager (Male) |
| 1:56 | Build | Lumber Camp |
| 2:01 | Queue | Villager (Male) |
| 2:01 | Queue | Villager (Male) |
| 2:02 | Queue | Villager (Male) |
| 2:17 | Queue | Villager (Male) |
| 2:17 | Queue | Villager (Male) |
| 2:55 | Queue | Villager (Male) |
| 2:55 | Queue | Villager (Male) |
| 3:05 | Queue | Villager (Male) |
| 3:06 | Queue | Villager (Male) |
| 3:45 | Queue | Villager (Male) |
| 3:45 | Queue | Villager (Male) |
| 3:45 | Queue | Villager (Male) |
| 3:54 | Queue | Villager (Male) |
| 4:17 | Build | House |
| 4:31 | Queue | Villager (Male) |
| 4:31 | Queue | Villager (Male) |
| 4:46 | Queue | Villager (Male) |
| 4:46 | Queue | Villager (Male) |
| 5:20 | Build | Dock |
| 5:22 | Build | House |
| 5:34 | Queue | Villager (Male) |
| 5:34 | Queue | Villager (Male) |
| 6:07 | Queue | Fishing Ship |
| 6:07 | Queue | Fishing Ship |
| 6:21 | Queue | Villager (Male) |
| 6:21 | Queue | Villager (Male) |
| 6:41 | Build | Mill |
| 6:43 | Build | House |
| 7:32 | Queue | Villager (Male) |
| 7:50 | Queue | Villager (Male) |
| 7:51 | Queue | Villager (Male) |
| 7:56 | Queue | Villager (Male) |
| 7:56 | Queue | Villager (Male) |
| 8:34 | Queue | Fishing Ship |
| 8:34 | Queue | Fishing Ship |
| 8:34 | Queue | Fishing Ship |
| 8:37 | Queue | Villager (Male) |
| 8:37 | Queue | Villager (Male) |
| 8:38 | Build | House |
| 9:04 | Queue | Villager (Male) |
| 9:05 | Queue | Villager (Male) |
| 9:40 | Research | Feudal Age |
| 9:44 | Build | Lumber Camp |
| 9:51 | Queue | Fishing Ship |
| 9:51 | Queue | Fishing Ship |
| 9:51 | Queue | Fishing Ship |
| 10:38 | Queue | Villager (Male) |
| 10:38 | Queue | Villager (Male) |
| 11:01 | Queue | Fishing Ship |
| 11:01 | Queue | Fishing Ship |
| 11:01 | Queue | Fishing Ship |
| 12:12 | Age | Feudal Age |
| 12:15 | Queue | Villager (Male) |
| 12:20 | Build | Market |
| 12:22 | Build | Blacksmith |
| 12:35 | Build | House |
| 13:11 | Research | Castle Age |
| 14:13 | Queue | Villager (Male) |
| 14:13 | Queue | Villager (Male) |
| 14:14 | Research | Double-Bit Axe |
| 14:18 | Research | Tech 906 |
| 14:18 | Research | Tech 906 |
| 14:25 | Build | Fish Trap |
| 14:34 | Build | Fish Trap |
| 14:37 | Build | Fish Trap |
| 14:41 | Build | Fish Trap |
| 14:44 | Build | Fish Trap |
| 14:51 | Build | Fish Trap |
| 14:54 | Build | Fish Trap |
| 14:55 | Queue | Villager (Male) |
| 14:55 | Queue | Villager (Male) |
| 15:22 | Build | Fish Trap |
| 15:24 | Build | Fish Trap |
| 15:27 | Queue | Villager (Male) |
| 15:28 | Queue | Villager (Male) |
| 15:46 | Queue | Fishing Ship |
| 15:46 | Queue | Fishing Ship |
| 15:51 | Age | Castle Age |
| 16:00 | Build | Town Center |
| 16:01 | Queue | Villager (Male) |
| 16:01 | Queue | Villager (Male) |
| 16:22 | Build | Town Center |
| 16:23 | Queue | Villager (Male) |
| 16:41 | Research | Bow Saw |
| 16:50 | Research | Wheelbarrow |
| 16:50 | Research | Wheelbarrow |
| 16:50 | Research | Wheelbarrow |
| 16:58 | Queue | Villager (Male) |
| 16:58 | Queue | Villager (Male) |
| 17:04 | Queue | Villager (Male) |
| 17:04 | Queue | Villager (Male) |
| 17:12 | Build | House |
| 17:57 | Build | House |
| 17:59 | Queue | Villager (Male) |
| 17:59 | Queue | Villager (Male) |
| 18:08 | Build | House |
| 18:16 | Build | Dock |
| 18:18 | Build | Dock |
| 18:21 | Build | Dock |
| 18:21 | Queue | Villager (Male) |
| 18:22 | Queue | Villager (Male) |
| 18:22 | Queue | Villager (Male) |
| 18:23 | Queue | Villager (Male) |
| 18:33 | Build | House |
| 18:33 | Build | House |
| 18:35 | Queue | Villager (Male) |
| 18:35 | Queue | Villager (Male) |
| 18:38 | Queue | Villager (Male) |
| 18:47 | Build | Dock |
| 18:50 | Build | Dock |
| 18:51 | Queue | Villager (Male) |
| 18:52 | Queue | Villager (Male) |
| 19:18 | Build | House |
| 19:19 | Build | House |
| 19:20 | Build | House |
| 19:20 | Build | House |
| 19:21 | Queue | Villager (Male) |
| 19:21 | Queue | Villager (Male) |
| 19:26 | Queue | Villager (Male) |
| 19:29 | Queue | Fishing Ship |
| 19:29 | Queue | Fishing Ship |
| 19:29 | Queue | Fishing Ship |
| 19:29 | Queue | Fishing Ship |
| 19:32 | Build | House |
| 19:32 | Build | House |
| 19:33 | Build | House |
| 19:34 | Build | House |
| 19:35 | Build | House |
| 19:35 | Build | House |
| 19:36 | Build | House |
| 19:36 | Build | House |
| 19:37 | Build | House |
| 19:37 | Build | House |
| 19:39 | Queue | Villager (Male) |
| 19:39 | Queue | Villager (Male) |
| 19:41 | Build | House |
| 19:42 | Build | House |
| 19:42 | Build | House |
| 19:43 | Build | House |
| 19:44 | Queue | Fishing Ship |
Match timeline
| 0:34 | Denosumab · wall_segment Palisade Wall x10 |
| 1:08 | Kevin FoJ · wall_segment Palisade Wall x4 |
| 1:14 | Kevin FoJ · wall_segment Palisade Wall x4 |
| 1:50 | Kevin FoJ · wall_segment Palisade Wall x1 |
| 1:51 | Kevin FoJ · wall_segment Palisade Wall x1 |
| 2:34 | Bonkershealer · wall_segment Palisade Wall x8 |
| 3:39 | Bonkershealer · wall_segment Palisade Wall x3 |
| 4:11 | comastar · first_building Dock |
| 5:15 | Denosumab · first_building Dock |
| 5:20 | Violet Ania · first_building Dock |
| 5:28 | Prince <3 · wall_segment Palisade Wall x5 |
| 5:33 | Matze · first_building Dock |
| 5:39 | Matze · wall_segment Palisade Wall x1 |
| 5:42 | Matze · wall_segment Palisade Wall x1 |
| 5:43 | Matze · wall_segment Palisade Wall x1 |
| 5:44 | Matze · wall_segment Palisade Wall x1 |
| 5:57 | Kevin FoJ · wall_segment Palisade Wall x6 |
| 6:31 | Bonkershealer · first_building Barracks |
| 7:08 | Matze · wall_segment Palisade Wall x1 |
| 7:09 | Matze · wall_segment Palisade Wall x1 |
| 7:10 | Matze · wall_segment Palisade Wall x1 |
| 7:11 | Matze · wall_segment Palisade Wall x1 |
| 7:45 | Prince <3 · wall_segment Palisade Wall x13 |
| 8:13 | Denosumab · wall_segment Palisade Wall x1 |
| 8:16 | Denosumab · wall_segment Palisade Wall x1 |
| 9:14 | Prince <3 · wall_segment Palisade Wall x6 |
| 9:41 | Prince <3 · wall_segment Palisade Wall x1 |
| 9:54 | aoclearnarabia · wall_segment Palisade Wall x3 |
| 9:56 | Prince <3 · wall_segment Palisade Wall x13 |
| 10:33 | aoclearnarabia · wall_segment Palisade Wall x4 |
| 10:39 | Bonkershealer · age_up feudal |
| 10:41 | comastar · wall_segment Palisade Wall x1 |
| 10:44 | comastar · wall_segment Palisade Wall x1 |
| 10:45 | comastar · wall_segment Palisade Wall x1 |
| 10:59 | Matze · wall_segment Palisade Wall x10 |
| 11:01 | Denosumab · wall_segment Palisade Wall x1 |
| 11:03 | Denosumab · wall_segment Palisade Wall x1 |
| 11:05 | Denosumab · wall_segment Palisade Wall x1 |
| 11:07 | aoclearnarabia · wall_segment Palisade Wall x5 |
| 11:13 | Denosumab · wall_segment Palisade Wall x1 |
| 11:16 | Denosumab · wall_segment Palisade Wall x1 |
| 11:17 | Denosumab · wall_segment Palisade Wall x1 |
| 11:20 | Denosumab · wall_segment Palisade Wall x1 |
| 11:22 | Denosumab · wall_segment Palisade Wall x1 |
| 11:24 | Kevin FoJ · wall_segment Palisade Wall x1 |
| 11:26 | Denosumab · wall_segment Palisade Wall x1 |
| 11:29 | comastar · age_up feudal |
| 11:33 | Kevin FoJ · wall_segment Palisade Wall x1 |
| 11:34 | aoclearnarabia · first_building Dock |
| 11:38 | aoclearnarabia · wall_segment Palisade Wall x1 |
| 11:40 | aoclearnarabia · wall_segment Palisade Wall x1 |
| 11:41 | aoclearnarabia · wall_segment Palisade Wall x1 |
| 11:42 | aoclearnarabia · age_up feudal |
| 11:44 | Denosumab · wall_segment Palisade Wall x1 |
| 11:46 | Denosumab · wall_segment Palisade Wall x1 |
| 11:47 | Kevin FoJ · wall_segment Palisade Wall x1 |
| 11:49 | Denosumab · wall_segment Palisade Wall x1 |
| 11:53 | aoclearnarabia · wall_segment Stone Wall x5 |
| 12:00 | Denosumab · wall_segment Palisade Wall x1 |
| 12:01 | Denosumab · wall_segment Palisade Wall x1 |
| 12:04 | Denosumab · wall_segment Palisade Wall x1 |
| 12:04 | Bonkershealer · first_building Dock |
| 12:05 | Denosumab · wall_segment Palisade Wall x1 |
| 12:07 | Denosumab · wall_segment Palisade Wall x1 |
| 12:10 | Denosumab · wall_segment Palisade Wall x1 |
| 12:11 | Denosumab · wall_segment Palisade Wall x1 |
| 12:12 | Violet Ania · age_up feudal |
| 12:17 | Denosumab · wall_segment Palisade Wall x1 |
| 12:18 | Prince <3 · wall_segment Palisade Wall x9 |
| 12:20 | Matze · wall_segment Palisade Wall x1 |
| 12:23 | Denosumab · wall_segment Palisade Wall x1 |
| 12:25 | Matze · wall_segment Palisade Wall x1 |
| 12:27 | Matze · wall_segment Palisade Wall x1 |
| 12:28 | Denosumab · wall_segment Palisade Wall x1 |
| 12:28 | Matze · wall_segment Palisade Wall x1 |
| 12:29 | Denosumab · wall_segment Palisade Wall x1 |
| 12:29 | Denosumab · wall_segment Palisade Wall x1 |
| 12:31 | Matze · wall_segment Palisade Wall x1 |
| 12:37 | Matze · wall_segment Palisade Wall x1 |
| 12:41 | Matze · wall_segment Palisade Wall x1 |
| 12:43 | aoclearnarabia · wall_segment Stone Wall x4 |
| 12:43 | Denosumab · age_up feudal |
| 12:47 | Matze · age_up feudal |
| 12:59 | Violet Ania · first_market_sell 100 wood |
| 13:01 | Denosumab · wall_segment Stone Wall x1 |
| 13:03 | Denosumab · wall_segment Stone Wall x5 |
| 13:06 | Denosumab · wall_segment Stone Wall x1 |
| 13:06 | Denosumab · wall_segment Stone Wall x1 |
| 13:07 | Denosumab · wall_segment Stone Wall x1 |
| 13:11 | Denosumab · wall_segment Stone Wall x1 |
| 13:19 | Kevin FoJ · wall_segment Palisade Wall x7 |
| 13:25 | Kevin FoJ · wall_segment Palisade Wall x11 |
| 13:28 | Prince <3 · first_building Dock |
| 13:30 | Denosumab · wall_segment Stone Wall x2 |
| 13:32 | Denosumab · wall_segment Stone Wall x1 |
| 13:34 | Denosumab · wall_segment Stone Wall x1 |
| 14:04 | aoclearnarabia · first_building Barracks |
| 14:06 | Prince <3 · wall_segment Palisade Wall x1 |
| 14:07 | Prince <3 · wall_segment Palisade Wall x1 |
| 14:08 | Kevin FoJ · wall_segment Palisade Wall x6 |
| 14:09 | Prince <3 · wall_segment Palisade Wall x13 |
| 14:44 | Kevin FoJ · wall_segment Palisade Wall x2 |
| 14:54 | Kevin FoJ · wall_segment Palisade Wall x5 |
| 15:04 | Denosumab · wall_segment Stone Wall x1 |
| 15:11 | Denosumab · wall_segment Stone Wall x1 |
| 15:16 | Denosumab · wall_segment Stone Wall x1 |
| 15:26 | Prince <3 · age_up feudal |
| 15:30 | comastar · age_up castle |
| 15:32 | aoclearnarabia · age_up castle |
| 15:40 | Kevin FoJ · wall_segment Palisade Wall x2 |
| 15:44 | Matze · wall_segment Palisade Wall x5 |
| 15:51 | Violet Ania · age_up castle |
| 15:52 | Kevin FoJ · wall_segment Palisade Wall x3 |
| 15:56 | Kevin FoJ · wall_segment Palisade Wall x5 |
| 15:58 | Denosumab · age_up castle |
| 16:01 | Kevin FoJ · wall_segment Palisade Wall x6 |
| 16:04 | Kevin FoJ · wall_segment Palisade Wall x2 |
| 16:07 | Matze · wall_segment Stone Wall x5 |
| 16:30 | Bonkershealer · first_building Archery Range |
| 16:44 | Denosumab · first_building Castle |
| 16:51 | Matze · wall_segment Palisade Wall x1 |
| 16:53 | Matze · wall_segment Palisade Wall x1 |
| 17:00 | Matze · wall_segment Stone Wall x1 |
| 17:00 | Matze · wall_segment Stone Wall x1 |
| 17:01 | Matze · wall_segment Stone Wall x1 |
| 17:02 | Matze · wall_segment Stone Wall x1 |
| 17:02 | Bonkershealer · wall_segment Stone Wall x4 |
| 17:02 | Matze · wall_segment Stone Wall x1 |
| 17:03 | Bonkershealer · wall_segment Stone Wall x4 |
| 17:08 | Kevin FoJ · age_up feudal |
| 17:11 | Bonkershealer · wall_segment Stone Wall x3 |
| 17:19 | Bonkershealer · wall_segment Stone Wall x1 |
| 17:20 | Bonkershealer · wall_segment Stone Wall x1 |
| 17:26 | comastar · first_building Monastery |
| 17:36 | aoclearnarabia · first_building Monastery |
| 17:40 | Kevin FoJ · wall_segment Stone Wall x3 |
| 17:45 | Kevin FoJ · wall_segment Stone Wall x4 |
| 18:01 | Denosumab · first_building Siege Workshop |
| 18:05 | Bonkershealer · wall_segment Stone Wall x10 |
| 18:07 | Bonkershealer · wall_segment Stone Wall x3 |
| 18:16 | comastar · first_market_sell 100 wood |
| 18:27 | Bonkershealer · wall_segment Stone Wall x1 |
| 18:29 | Bonkershealer · wall_segment Stone Wall x1 |
| 18:31 | Bonkershealer · wall_segment Stone Wall x1 |
| 18:33 | Bonkershealer · wall_segment Stone Wall x1 |
| 18:35 | Bonkershealer · wall_segment Stone Wall x1 |
| 18:35 | aoclearnarabia · first_market_buy 500 wood |
| 18:37 | Bonkershealer · wall_segment Stone Wall x2 |
| 18:37 | aoclearnarabia · first_market_sell 100 stone |
| 18:41 | aoclearnarabia · first_building Siege Workshop |
| 18:54 | Bonkershealer · wall_segment Stone Wall x3 |
| 18:58 | Bonkershealer · wall_segment Stone Wall x5 |
| 19:09 | Prince <3 · wall_segment Palisade Wall x1 |
| 19:12 | Bonkershealer · wall_segment Stone Wall x1 |
| 19:16 | Bonkershealer · wall_segment Stone Wall x7 |
| 20:15 | Kevin FoJ · wall_segment Stone Wall x6 |
| 20:17 | Violet Ania · first_market_buy 100 stone |
| 20:19 | Violet Ania · wall_segment Stone Wall x13 |
| 20:25 | Prince <3 · first_market_sell 100 wood |
| 20:50 | Denosumab · first_building Stable |
| 21:00 | comastar · first_market_buy 100 food |
| 21:09 | Bonkershealer · wall_segment Stone Wall x8 |
| 21:16 | Kevin FoJ · age_up castle |
| 21:19 | Kevin FoJ · wall_segment Stone Wall x6 |
| 21:20 | Kevin FoJ · wall_segment Stone Wall x1 |
| 21:36 | Bonkershealer · wall_segment Stone Wall x8 |
| 21:38 | Bonkershealer · wall_segment Stone Wall x6 |
| 21:43 | Bonkershealer · wall_segment Stone Wall x1 |
| 21:45 | Bonkershealer · wall_segment Stone Wall x1 |
| 21:46 | Denosumab · first_building Monastery |
| 21:54 | Kevin FoJ · first_market_buy 100 wood |
| 21:57 | Kevin FoJ · first_building Siege Workshop |
| 22:12 | Kevin FoJ · first_market_sell 100 stone |
| 22:47 | Bonkershealer · wall_segment Stone Wall x5 |
| 22:51 | Bonkershealer · wall_segment Stone Wall x4 |
| 22:54 | Matze · wall_segment Stone Wall x1 |
| 22:58 | Bonkershealer · wall_segment Stone Wall x1 |
| 22:59 | Matze · wall_segment Stone Wall x1 |
| 23:16 | Prince <3 · age_up castle |
| 23:17 | Matze · wall_segment Stone Wall x5 |
| 23:25 | Prince <3 · first_building Siege Workshop |
| 23:34 | Kevin FoJ · wall_segment Stone Wall x1 |
| 23:54 | Bonkershealer · wall_segment Stone Wall x4 |
| 24:01 | Bonkershealer · wall_segment Stone Wall x2 |
| 24:02 | Bonkershealer · wall_segment Stone Wall x3 |
| 24:05 | Bonkershealer · wall_segment Stone Wall x6 |
| 24:08 | Kevin FoJ · first_building Monastery |
| 25:07 | Prince <3 · first_building Barracks |
| 25:16 | Kevin FoJ · wall_segment Stone Wall x19 |
| 25:20 | comastar · first_building Siege Workshop |
| 26:00 | Violet Ania · first_building Barracks |
| 26:05 | aoclearnarabia · wall_segment Stone Wall x6 |
| 26:26 | Matze · resign |
[ AI ANALYSIS · 1 CREDIT ]
What really happened in this match?
Wolo.gg analyzes every decision: build order, eco, micro, common mistakes by bracket. Personalized analysis on WhatsApp or Discord in 30 seconds.
Civ guide
Persians
Perfil
Jugador #2121463